 Dungeon Crawl Stone Soup version 0.28.0-53-g5a82cb258f (webtiles) character file.

Game seed: 13310657096164867893

489 tizbic2 the Chopper (level 7, 0/70 HPs)
             Began as an Ogre Wanderer on July 17, 2022.
             Was a Priest of Lugonu.
             Slain by Pikel
             ... wielding a +2 whip of flaming
              (5 damage)
             ... on level 5 of the Dungeon.
             The game lasted 00:22:31 (3893 turns).

tizbic2 the Chopper (Ogre Wanderer)                 Turns: 3893, Time: 00:22:32

Health: 0/70       AC:  5    Str: 13    XL:     7   Next: 14%
Magic:  6/10       EV: 10    Int: 16    God:    Lugonu [***...]
Gold:   222        SH:  0    Dex: 11    Spells: 5/10 levels left

rFire   x . .      SeeInvis .   (weapon currently unavailable)
rCold   + + +      Faith    +   (shield currently unavailable)
rNeg    . . .      Spirit   .   (armour currently unavailable)
rPois   +          Reflect  .   (helmet currently unavailable)
rElec   .          Harm     .   (cloak currently unavailable)
rCorr   .          Rampage  .   (gloves unavailable)
Will    .....                   (boots unavailable)
Stlth   +.........              k - amulet of faith
HPRegen 0.21/turn               l - ring of wizardry
MPRegen 0.12/turn               (no ring)

@: ice-form
A: freezing attack, amphibious, boosted hp, large, unfitting armour, (tough skin
1)
a: End Transformation, Renounce Religion, Depart the Abyss, Bend Space, Banish


You were on level 5 of the Dungeon.
You worshipped Lugonu.
Lugonu was most pleased with you.
You were a creature of crystalline ice.
You visited 1 branch of the dungeon, and saw 5 of its levels.

You collected 222 gold pieces.

Inventory:

Hand Weapons
 a - a +0 quarterstaff (melded)
 b - a +0 executioner's axe
 r - a +2 dagger of holy wrath
Missiles
 e - 11 poisoned darts
 m - 113 stones (quivered)
 s - 3 boomerangs
Armour
 o - the +0 robe of Qaofegg (melded) {rElec Regen+}
   (You found it on level 3 of the Dungeon)

   rElec:     It insulates you from electricity.
   Regen:     It increases your rate of health regeneration.
 w - a +0 cloak (melded)
Jewellery
 k - an amulet of faith (around neck)
 l - a ring of wizardry (left front paw)
Wands
 n - a wand of iceblast (10)
Scrolls
 i - 3 scrolls of fog
 j - a scroll of holy word
 p - 2 scrolls of blinking
 q - a scroll of silence {unknown}
 t - a scroll of identify
Potions
 c - 6 potions of curing
 d - a potion of cancellation {unknown}
 f - a potion of degeneration {unknown}
 g - a potion of brilliance {unknown}
 h - a potion of heal wounds {unknown}
 u - a potion of might {unknown}
Miscellaneous
 v - a piece from Xom's chessboard (13/15)


   Skills:
 * Level 5.3 Axes
 - Level 2.5 Staves
 - Level 3.6 Dodging
 - Level 2.3 Spellcasting
 - Level 3.6 Ice Magic
 - Level 0.9 Invocations
 - Level 1.6 Evocations


You had 5 spell levels left.
You knew the following spells:

 Your Spells              Type           Power      Damage    Failure   Level
a - Freeze                Ice            52%        1d7       1%          1
b - Ice Form              Ice/Tmut       7%         N/A       34%         4

Your spell library contained the following spells:

 Spells                   Type           Power      Damage    Failure   Level
 Frozen Ramparts          Ice            26%        1d4       6%          3
 Sublimation of Blood     Necr           1%         N/A       12%         2
 Wereblood                Tmut           1%         N/A       12%         2
 Gell's Gravitas          Tloc           1%         N/A       24%         3
 Lesser Beckoning         Tloc           1%         N/A       24%         3
 Summon Guardian Golem    Hex/Summ       1%         N/A       24%         3
 Teleport Other           Tloc           1%         N/A       24%         3
 Orb of Destruction       Conj           0%         9d5       100%        7
 Spellforged Servitor     Conj/Summ      0%         N/A       100%        7
 Summon Hydra             Summ           0%         N/A       100%        7


Dungeon Overview and Level Annotations

Branches:
Dungeon (5/15)             Temple (0/1) D:4

Altars:
Ashenzari
Elyvilon
Makhleb
Xom
Zin
Lugonu

Shops:
D:3 =

Annotations:
D:5 3 runed translucent doors, Pikel


Innate Abilities, Weirdness & Mutations

You are a creature of crystalline ice.
You have a powerful freezing melee attack.
You are amphibious.
Your maximum health is increased.
Your armour is entirely melded.
You are incapable of wielding weapons or throwing items.
You are too large for most types of armour.
((You have tough skin. (AC +1)))


Message History

Pikel burns you.
You hit Pikel.
Pikel is lightly wounded.
Pikel hits you with a +2 whip of flaming!
Pikel burns you.
Hit: a) +0 quarterstaff
Press: ? - help, Dir - move target, f - Pikel
Aim: Pikel, wielding a +2 whip of flaming and wearing a +2 robe of willpower (lightly wounded, about 50% to evade your +0 quarterstaff)
Okay, then.
You make a move on Xom's chessboard...
The lemure resists with significant effort.
Pikel says, "You'll make a fine lemure."
Pikel closely misses you.
You make a move on Xom's chessboard...
Pikel resists with almost no effort.
Pikel hits you with a +2 whip of flaming.
Pikel burns you.
You hit Pikel.
Pikel is moderately wounded.
Pikel hits you with a +2 whip of flaming!
Pikel burns you.
Casting: Ice Form (quite dangerous; 34% risk of failure)
Confirm with . or Enter, or press ? or * to list all spells.
The spell is quite dangerous to miscast (34% risk of failure)!
Continue anyway?
You turn into a creature of crystalline ice.
Your +0 quarterstaff melds into your body.
Your +0 cloak melds into your body.
The +0 robe of Qaofegg {rElec Regen+} melds into your body.
Pikel hits you with a +2 whip of flaming.
Pikel melts you.
* * * LOW HITPOINT WARNING * * *
You hit Pikel. You freeze Pikel.
Pikel is moderately wounded.
Pikel hits you with a +2 whip of flaming!
* * * LOW HITPOINT WARNING * * *
Pikel melts you.
* * * LOW HITPOINT WARNING * * *
You hit Pikel but do no damage.
Pikel is moderately wounded.
Pikel hits you with a +2 whip of flaming.
You die...

##..## ## ###.#
#..#####8
...>###########.#.#...#_
#.............##....##.
#..##._..#####.#..####.
#..........)###..## #8_
#.#########.# ##..####.
#..####.#########.#
##....##.
#......O555KY.....#
#..#...#_
#...###5########.)#
#..#####8 . ...# #..#
#.))## ## ...### #..#
#.#)[#### 5.... #..#
#.##).... ...# #..#
#.####### ... #..#
#.....†.. ## #####..#
######### #......#


You could see a two-headed ogre, Pikel and 4 lemures.

Vanquished Creatures
  A necrophage (D:5)
  A phantom (D:5)
  An orc priest (D:4)
  A centaur skeleton (D:5)
  3 orc wizards
  A hound skeleton (D:4)
  9 adders
  An adder skeleton (D:4)
  3 dart slugs
  10 orcs
  9 endoplasms
  2 giant cockroaches
  14 goblins
  5 hobgoblins
  6 jackals
  3 quokkas
  9 ball pythons
  4 bats
  8 frilled lizards
  5 kobolds
  10 rats
106 creatures vanquished.

Notes
Turn   | Place    | Note
-------+----------+-------------------------------------------
     0 | D:1      | tizbic2 the Ogre Wanderer began the quest for the Orb.
     0 | D:1      | tizbic2 set off with the following items: a +0
                  | quarterstaff, a +0 robe; and the following spell memorised:
                  | Freeze; and the following spells available to memorise:
                  | Frozen Ramparts, Ice Form
     0 | D:1      | Reached XP level 1. HP: 16/16 MP: 2/2
   317 | D:1      | Reached XP level 2. HP: 16/24 MP: 2/4
   703 | D:1      | Reached XP level 3. HP: 25/31 MP: 2/5
  1228 | D:2      | Found a faded altar of an unknown god.
  1232 | D:2      | Prayed at the altar of an unknown god.
  1232 | D:2      | Became a worshipper of Lugonu the Unformed
  1232 | D:2      | Reached * piety under Lugonu
  1232 | D:2      | Reached ** piety under Lugonu
  1432 | D:2      | Reached XP level 4. HP: 39/39 MP: 6/6
  1452 | D:2      | Learned a level 4 spell: Ice Form
  1868 | D:3      | Identified the +0 robe of Qaofegg {rElec Regen+}
  2003 | D:3      | Reached XP level 5. HP: 33/45 MP: 6/8
  2152 | D:3      | Found a burning altar of Makhleb.
  2430 | D:3      | Found Ylaorpho's Jewellery Shop.
  2639 | D:4      | Reached skill level 1 in Axes
  2656 | D:4      | Found a staircase to the Ecumenical Temple.
  2775 | D:4      | Reached *** piety under Lugonu
  2843 | D:4      | Reached skill level 2 in Axes
  3259 | D:4      | Reached skill level 3 in Axes
  3259 | D:4      | Reached XP level 6. HP: 46/53 MP: 0/9
  3398 | D:5      | Entered Level 5 of the Dungeon
  3398 | D:5      | Found a runed translucent gate.
  3398 | D:5      | Found a runed translucent gate.
  3398 | D:5      | Found a runed translucent gate.
  3556 | D:5      | Reached skill level 4 in Axes
  3698 | D:5      | Noticed a necrophage
  3707 | D:5      | Killed a necrophage
  3708 | D:5      | Reached skill level 5 in Axes
  3708 | D:5      | Reached XP level 7. HP: 59/59 MP: 6/10
  3769 | D:5      | Found a glowing silver altar of Zin.
  3769 | D:5      | Found a white marble altar of Elyvilon.
  3770 | D:5      | Found a broken altar of Ashenzari.
  3801 | D:5      | Found a shimmering altar of Xom.
  3877 | D:5      | Noticed Pikel
  3881 | D:5      | Noticed a two-headed ogre
  3893 | D:5      | Slain by Pikel

Illustrated notes

Levels and vault maps discovered:
D:1:      scummos_arrival_gate, layout_basic
D:2:      layout_loops_ring, shapermc_ecumenical_altar_petra
D:3:      layout_loops_ring, bloody_makhleb, serial_shops,
          nicolae_lakefront_shop
D:4:      layout_loops_ring, minmay_temple_entry_waves
D:5:      layout_loops_ring, xom_butterflies, gammafunk_temple_overflow_claw,
          gammafunk_ghost_necromancy, uniq_pikel

Skill      XL: |  1  2  3  4  5  6 |
---------------+-------------------+-----
Ice Magic      | 3 |  3.6
Staves         | 2 |  2.5
Spellcasting   | 2 |  2.3
Axes           | 3 5 |  5.3
Dodging        | |  3.6
Invocations    | |  0.9
Evocations     | |  1.6

Action                   |  1- 3 |  4- 6 |  7- 9 || total
-------------------------+-------+-------+-------++-------
Melee: Quarterstaff      |    67 |    74 |     9 ||   150
       Executioner's axe |       |   129 |       ||   129
       Unarmed           |       |    21 |    13 ||    34
Throw: Stone             |       |     7 |       ||     7
 Cast: Freeze            |    14 |    22 |       ||    36
       Ice Form          |       |     4 |     1 ||     5
Invok: Bend Space        |     1 |     1 |       ||     2
Evoke: Piece from Xom's  |       |       |     2 ||     2
  Use: Scroll            |       |     8 |       ||     8
 Stab: Sleeping          |     3 |       |       ||     3
Armor: Robe              |    23 |    73 |       ||    96
       Skin              |       |     6 |     8 ||    14
Dodge: Dodged            |    49 |   176 |     6 ||   231
